 Dungeon Crawl Stone Soup version 0.31-a0-865-g3d5d91748a (webtiles) character file.

Game seed: 9060346947423648162

143 tilp the Magician (level 5, 19/40 HPs)
             Began as a Djinni Hedge Wizard on Oct 5, 2023.
             Quit the game on level 3 of the Dungeon on Oct 11, 2023.
             The game lasted 00:04:43 (2725 turns).

tilp the Magician (Djinni Hedge Wizard)             Turns: 2725, Time: 00:04:43

Health: 19/40      AC:  4    Str:  9    XL:     5   Next: 50%
Gold:   158        EV: 12    Int: 18    God:
                   SH:  0    Dex: 12

rFire   + + .        a - +5 short sword (flame)
rCold   x . .        (no shield)
rNeg    . . .        b - +0 robe
rPois   ∞            m - +0 helmet
rElec   .            o - +0 cloak
rCorr   .            (no gloves)
SInv    .            (boots unavailable)
Will    .....        (no amulet)
Stlth   ++           (no ring)
HPRegen 0.26/turn    (no ring)
MPRegen 0.00/turn

%: no passive effects
@: flying
A: sickness immunity, fire resistance 2, cold vulnerability 1, float, innate
caster, HP casting, extra vitality 1
a: no special abilities


You were on level 3 of the Dungeon.
You visited 1 branch of the dungeon, and saw 3 of its levels.

You collected 158 gold pieces.

Inventory:

Hand Weapons
 a - a +5 short sword of flaming (weapon)
 f - a +1 dagger
Missiles
 d - 2 poisoned darts (quivered)
 e - 4 javelins
 h - 34 stones
 p - 7 boomerangs
Armour
 b - a +0 robe (worn)
 m - a +0 helmet (worn)
 o - a +0 cloak (worn)
Scrolls
 c - 2 scrolls of teleportation
 j - a scroll of acquirement
 k - a scroll of butterflies
 r - a scroll of amnesia {unknown}
Potions
 g - 2 potions of curing
 i - a potion of berserk rage
 l - 2 potions of might
 n - 2 potions of resistance
 q - a potion of invisibility


   Skills:
 + Level 3.2 Fighting
 - Level 2.1 Dodging
 - Level 1.5 Stealth
 + Level 3.9 Spellcasting
 + Level 3.9 Conjurations
 + Level 3.9 Hexes
 + Level 3.9 Summonings
 + Level 3.9 Necromancy
 + Level 3.9 Translocations
 + Level 3.9 Transmutations
 + Level 3.9 Fire Magic
 + Level 3.9 Ice Magic
 + Level 3.9 Air Magic
 + Level 3.9 Earth Magic
 + Level 3.9 Poison Magic


You knew the following spells:

 Your Spells              Type           Power      Damage    Failure   Level
a - Magic Dart            Conj           68%        1d6       3%          1
b - Slow                  Hex            68%        N/A       3%          1
c - Blink                 Tloc           34%        N/A       4%          2
d - Call Imp              Summ           34%        N/A       4%          2
e - Mephitic Cloud        Conj/Pois/Air  17%        N/A       9%          3
f - Kiss of Death         Conj/Necr      68%        2d10      3%          1
g - Jinxbite              Hex            34%        N/A       4%          2
Your spell library was empty.

Dungeon Overview and Level Annotations

Branches:
Dungeon (3/15)

Altars:
Fedhas
Trog
Uskayaw
Xom

Annotations:
D:3 1 transporter, Xavier147's ghost, amateur HOBe


Innate Abilities, Weirdness & Mutations

You are immune to sickness and miasma.
You are immune to poison.
Your flesh is very heat resistant. (rF++)
You are vulnerable to cold. (rC-)
You float through the air rather than walking.
You learn spells naturally, not from books.
Your magical power is your life essence.
You have superior vitality. (+4 MHP)


Message History

You kill the orc!
Unknown command.
Casting: Magic Dart (safe; 3% risk of failure)
Confirm with . or Enter, or press ? or * to list all spells.
Aiming: Magic Dart (safe; 3% risk of failure)
Press: ? - help, Shift-Dir - straight line, f - orc
Aim: an orc, wielding a +0 short sword and wearing a +0 ring mail (100% to hit)
The magic dart hits the orc but does no damage.
The orc closely misses you.
Unknown command.
Casting: Magic Dart (safe; 3% risk of failure)
Confirm with . or Enter, or press ? or * to list all spells.
Aiming: Magic Dart (safe; 3% risk of failure)
Press: ? - help, Shift-Dir - straight line, f/p - orc
Aim: an orc, wielding a +0 short sword and wearing a +0 ring mail (100% to hit)
The magic dart hits the orc but does no damage.
The orc misses you.
Unknown command.
Casting: Magic Dart (safe; 3% risk of failure)
Confirm with . or Enter, or press ? or * to list all spells.
Aiming: Magic Dart (safe; 3% risk of failure)
Press: ? - help, Shift-Dir - straight line, f/p - orc
Aim: an orc, wielding a +0 short sword and wearing a +0 ring mail (100% to hit)
The magic dart hits the orc.
The orc is heavily wounded.
The orc closely misses you.
Unknown command.
Casting: Magic Dart (safe; 3% risk of failure)
Confirm with . or Enter, or press ? or * to list all spells.
Aiming: Magic Dart (safe; 3% risk of failure)
Press: ? - help, Shift-Dir - straight line, f/p - orc
Aim: an orc, wielding a +0 short sword and wearing a +0 ring mail (heavily wounded, 100% to hit)
The magic dart hits the orc.
You kill the orc!
Unknown command.
Saving game... please wait.
Level annotation: 1 transporter, Xavier147's ghost, amateur HOBe Welcome back, tilp the Djinni Hedge Wizard.
Press ? for a list of commands and other information.
Are you sure you want to abandon this character and quit the game? (Confirm with "yes".)

#
#...^....#
#
#.######.#
#
#........#
#
#.########
#.# #.#
#.# #†#
#@#
.....[[.#
#########


There were no monsters in sight!

Vanquished Creatures
  Robin (D:3)
  4 adders
  A dart slug (D:2)
  3 orcs (D:3)
  3 bats
  9 endoplasms
  2 giant cockroaches (D:2)
  15 goblins
  5 hobgoblins
  A jackal (D:2)
  4 kobolds
  A quokka (D:1)
  4 ball pythons
  3 frilled lizards
  3 rats
59 creatures vanquished.

Vanquished Creatures (collateral kills)
  Terence (D:3)
  An endoplasm (D:3)
  A quokka (D:3)
3 creatures vanquished.

Grand Total: 62 creatures vanquished

Notes
Turn   | Place    | Note
-------+----------+-------------------------------------------
     0 | D:1      | tilp the Djinni Hedge Wizard began the quest for the Orb.
     0 | D:1      | tilp set off with the following spells memorised: Magic
                  | Dart, Slow, Blink, Call Imp, Mephitic Cloud.
     0 | D:1      | Reached XP level 1. HP: 15/15 MP: 0/0
   150 | D:1      | Reached XP level 2. HP: 19/22 MP: 0/0
   214 | D:1      | Reached skill level 1 in Fighting
   481 | D:1      | Found a faded altar of an unknown god.
   810 | D:2      | Identified a scroll of acquirement
   819 | D:2      | Reached XP level 3. HP: 26/27 MP: 0/0
   819 | D:2      | Learned a level 1 spell: Kiss of Death
  1185 | D:2      | Reached XP level 4. HP: 28/33 MP: 0/0
  2004 | D:3      | Found a blossoming altar of Fedhas.
  2004 | D:3      | Noticed Terence
  2021 | D:3      | HP: 1/34 [Terence/+0 flail (5)]
  2023 | D:3      | Killed Terence
  2024 | D:3      | Reached XP level 5. HP: 2/40 MP: 0/0
  2024 | D:3      | Learned a level 2 spell: Jinxbite
  2194 | D:3      | Found a bloodstained altar of Trog.
  2286 | D:3      | Noticed Robin
  2293 | D:3      | Killed Robin
  2412 | D:3      | Found a transporter.
  2415 | D:3      | Noticed Xavier147's ghost (amateur HOBe)
  2415 | D:3      | Noticed an ogre
  2417 | D:3      | Noticed an ogre
  2419 | D:3      | Identified the +4 dire flail of Ashenzari's Regard {freeze,
                  | Will+}
  2419 | D:3      | Noticed an ogre
  2496 | D:3      | Found a hide-covered altar of Uskayaw.
  2685 | D:3      | Found a shimmering altar of Xom.
  2725 | D:3      | Upgraded the game from 0.31-a0-851-g7ff8af7976 to
                  | 0.31-a0-865-g3d5d91748a
  2725 | D:3      | Quit the game

Illustrated notes

Levels and vault maps discovered:
D:1:      beargit_arrival_greenhouse, layout_basic, shapermc_ecumenical_altar_gd
D:2:      layout_loops_corners, minmay_pentomino_u2
D:3:      layout_loops_ring, nicolae_uskayaw_suspiria,
          mainiacjoe_overflow_tiny_flanked, lemuel_round_altar,
          mainiacjoe_overflow_two_lobes, gammafunk_ghost_smash, uniq_terence,
          uniq_robin

Skill      XL: |  1  2  3  4  5 |
---------------+----------------+-----
Spellcasting   | 3 |  3.9
Conjurations   | 3 |  3.9
Hexes          | 3 |  3.9
Summonings     | 3 |  3.9
Necromancy     | 3 |  3.9
Translocations | 3 |  3.9
Transmutations | 3 |  3.9
Fire Magic     | 3 |  3.9
Ice Magic      | 3 |  3.9
Air Magic      | 3 |  3.9
Earth Magic    | 3 |  3.9
Poison Magic   | 3 |  3.9
Fighting       | 1 2 3 |  3.2
Dodging        | |  2.1
Stealth        | |  1.5

Action                     |  1- 3 |  4- 6 || total
---------------------------+-------+-------++-------
  Melee: Dagger            |       |     2 ||     2
   Cast: Magic Dart        |    70 |    87 ||   157
         Slow              |     1 |     3 ||     4
         Call Imp          |     1 |     2 ||     3
    Use: Scroll            |     2 |     7 ||     9
 Armour: Robe              |     9 |    11 ||    20
  Dodge: Dodged            |    11 |    18 ||    29

Table legend: (Time is in decaauts)
 A = Elapsed time spent in this place.
 B = Non-inter-level travel time spent in this place.
 C = Inter-level travel time spent in this place.
 D = Time resting spent in this place.
 E = Time spent auto-exploring this place.
 F = Levels seen in this place.
 G = Mean time per level.
                   A        B        C        D        E       F      G
               +--------+--------+--------+--------+--------+-----+--------+
         Total |   2724 |   2679 |     45 |      3 |   2345 |   3 |  908.0 |
       Dungeon |   2724 |   2679 |     45 |      3 |   2345 |   3 |  908.0 |
               +--------+--------+--------+--------+--------+-----+--------+

Top non-repeatable levels by time:
     D:2: 983 daAuts
     D:3: 933 daAuts
     D:1: 807 daAuts
